 Dungeon Crawl Stone Soup version 0.29-a0-251-g80730f7218 (webtiles) character file.

Game seed: 17054987842161017672

336 sammy202020 the Skirmisher (level 6, -5/51 HPs)
             Began as a Palentonga Fighter on Mar 5, 2022.
             Splashed by a jelly's acid (6 damage)
             ... on level 5 of the Dungeon.
             The game lasted 00:06:05 (3086 turns).

sammy202020 the Skirmisher (Palentonga Fighter)     Turns: 3086, Time: 00:06:07

Health: -5/51      AC:  0    Str: 19    XL:     6   Next: 28%
Magic:  6/6        EV:  7    Int: 10    God:
Gold:   160        SH:  5    Dex: 16    Spells: 5/5 levels left

rFire   . . .      SeeInvis +   a - +0 war axe (vorpal)
rCold   . . .      Faith    .   c - +0 buckler
rNeg    . . .      Spirit   .   b - +0 scale mail
rPois   .          Reflect  .   (no helmet)
rElec   .          Harm     .   e - +0 cloak
rCorr   .          Rampage  .   (no gloves)
Will    .....                   (no barding)
Stlth   ..........              (no amulet)
HPRegen 0.17/turn               n - +6 ring of dexterity
MPRegen 0.10/turn               (no ring)

@: lethally poisoned (-5 -> -12), corroded
A: large, rugged brown scales 3, see invisible, deformed body, roll 1, armoured
tail
a: Rolling Charge


You were on level 5 of the Dungeon.
You visited 1 branch of the dungeon, and saw 6 of its levels.

You collected 160 gold pieces.

Inventory:

Hand Weapons
 a - a +0 vorpal war axe (weapon)
 i - a +0 morningstar
Armour
 b - a +0 scale mail (worn)
 c - a +0 buckler (worn)
 e - a +0 cloak (worn)
Jewellery
 k - a ring of see invisible
 n - a +6 ring of dexterity (left hand)
Scrolls
 d - a scroll of identify {unknown}
 f - a scroll of teleportation {unknown}
 l - a scroll of torment {unknown}
Potions
 g - a potion of heal wounds
 h - 3 potions of curing {unknown}
 j - a potion of degeneration {unknown}
 o - a potion of attraction {unknown}


   Skills:
 * Level 4.2 Fighting
 * Level 3.4 Axes
 * Level 3.5 Armour
 + Level 1.3 Dodging
 * Level 3.5 Shields


You had 5 spell levels left.
You didn't know any spells.
Your spell library contained the following spells:

 Spells                   Type           Power      Damage    Failure   Level
 Animate Skeleton         Necr           0%         N/A       80%         1
 Apportation              Tloc           0%         N/A       80%         1
 Summon Small Mammal      Summ           0%         N/A       80%         1
 Corpse Rot               Necr/Air       0%         N/A       91%         2
 Poisonous Vapours        Pois/Air       0%         N/A       91%         2


Dungeon Overview and Level Annotations

Branches:
Dungeon (6/15)
 Temple: D:4-7

Altars:

Shops:
D:1 :   D:2 !


Innate Abilities, Weirdness & Mutations

You are completely covered in rugged brown scales. (AC +3, +7% HP)
You have supernaturally acute eyesight. (SInv)
Armour fits poorly on your strangely shaped body.
You can roll at nearby foes to attack.
You have a long armoured tail.


Message History

Found a stone staircase leading up.
You now have 160 gold pieces (gained 16).
There is a stone staircase leading up here.
You climb upwards.
The jelly quivers.
Found a stone staircase leading up.
There is a stone staircase leading down here.
You hit the jelly. The acid corrodes you!
Your hands burn!
The jelly is moderately wounded.
The jelly hits you.
You are splashed with acid!
You hit the jelly but do no damage.
Your hands burn!
The jelly is moderately wounded.
The jelly hits you but does no damage. x2
You hit the jelly.
Your hands burn!
The jelly is heavily wounded.
You barely miss the scorpion. The scorpion stings you.
The jelly hits you but does no damage.
You hit the jelly but do no damage.
Your hands burn!
The jelly is heavily wounded.
You hit the scorpion. The scorpion stings you.
* * * LOW HITPOINT WARNING * * *
You are lethally poisoned!
The scorpion poisons you! You block the jelly's attack.
The scorpion stings you.
* * * LOW HITPOINT WARNING * * *
You feel much better.
You feel very sick. The jelly hits you. The acid corrodes you!
You are splashed with acid!
The scorpion stings you!
* * * LOW HITPOINT WARNING * * *
You closely miss the scorpion. You tail-slap the scorpion.
The scorpion is moderately wounded.
You hit the jelly.
Your hands burn!
* * * LOW HITPOINT WARNING * * *
x2 You feel very sick.
The scorpion barely misses you. The jelly barely misses you.
You block the scorpion's attack. The jelly hits you.
* * * LOW HITPOINT WARNING * * *
You are splashed with acid.
You die...

........#
.......#
......#
..... ...
#<# #>#
#s# #@#
#J# #.#
#.# #.#
#.# #.#
#.#


You could see a scorpion and a jelly.

Vanquished Creatures
  The ghost of Hubris850 the Caller, an amateur BaSu (D:3)
  The ghost of IdlyInterested the Slasher, an amateur DsGl (D:3)
  4 orc wizards
  2 adders
  A worm (D:3)
  A dart slug (D:2)
  6 orcs
  4 endoplasms
  3 giant cockroaches
  3 goblins
  5 hobgoblins
  5 jackals
  3 quokkas
  5 ball pythons
  5 bats
  2 frilled lizards
  2 kobolds
  5 rats
58 creatures vanquished.

Vanquished Creatures (others)
  2 plants (D:3)
  A withered plant (D:3)
3 creatures vanquished.

Grand Total: 61 creatures vanquished

Notes
Turn   | Place    | Note
-------+----------+-------------------------------------------
     0 | D:1      | sammy202020 the Palentonga Fighter began the quest for the
                  | Orb.
     0 | D:1      | Reached XP level 1. HP: 19/19 MP: 1/1
    43 | D:1      | Found a faded altar of an unknown god.
   223 | D:1      | Reached XP level 2. HP: 15/25 MP: 2/2
   628 | D:1      | Found Doapet's Book Shop.
   859 | D:2      | Found Wimugoth's Distillery.
   895 | D:2      | Reached XP level 3. HP: 31/31 MP: 3/3
  1394 | D:3      | Reached XP level 4. HP: 17/37 MP: 4/4
  2461 | D:3      | Found a runed translucent gate.
  2462 | D:3      | Found a runed translucent gate.
  2463 | D:3      | Found a runed translucent gate.
  2464 | D:3      | Noticed IdlyInterested's ghost (amateur DsGl)
  2464 | D:3      | Noticed Hubris850's ghost (amateur BaSu)
  2567 | D:3      | Killed IdlyInterested's ghost
  2568 | D:3      | Reached skill level 1 in Dodging
  2568 | D:3      | Reached XP level 5. HP: 33/44 MP: 5/5
  2576 | D:3      | Killed Hubris850's ghost
  2577 | D:3      | Reached skill level 4 in Fighting
  3008 | D:4      | You fall into a shaft and drop 2 floors!
  3014 | D:6      | HP: 2/44 [orc wizard/+0 dagger (1)]
  3017 | D:6      | Reached XP level 6. HP: 1/51 MP: 6/6
  3078 | D:5      | Entered Level 5 of the Dungeon
  3086 | D:5      | HP: 1/51 [jelly (3)]
  3086 | D:5      | Splashed by a jelly's acid

Illustrated notes

Levels and vault maps discovered:
D:1:      psy_arrival_dodecagon, layout_rooms,
          ebering_ecumenical_altar_abandoned, serial_shops,
          nicolae_shop_behind_doors
D:2:      layout_loops_ring, serial_shops, shop
D:3:      layout_loops_ring, serial_rivers, chequers_serial_rivers_small_a,
          chequers_serial_rivers_small_3, chequers_serial_rivers_marsh,
          chequers_serial_rivers_micro_e, chequers_serial_rivers_small_a,
          chequers_serial_rivers_micro_b, gammafunk_ghost_cemetery,
          nicolae_concentric_dashed_squares_wild, serial_bayou_pond_b
D:4:      layout_basic, minmay_temple_entry_gardened_gates,
          gammafunk_ghost_nasty_kobolds, minmay_misc_feat_tower, hex_large,
          hangedman_decor_opposing, lemuel_another_geyser
D:5:      layout_rooms, hangedman_decor_push
D:6:      layout_gridville, uniq_eustachio, uniq_duvessa, uniq_sigmund

Skill      XL: |  1  2  3  4  5 |
---------------+----------------+-----
Armour         | 3 |  3.5
Shields        | 3 |  3.5
Axes           | 3 |  3.4
Dodging        | 1 |  1.3
Fighting       | 4 |  4.2

Action                   |  1- 3 |  4- 6 || total
-------------------------+-------+-------++-------
Melee: War axe           |    85 |    58 ||   143
       Tailslap          |     9 |     8 ||    17
 Abil: Rolling Charge    |     1 |       ||     1
  Use: Scroll            |     7 |       ||     7
       Potion            |       |     3 ||     3
Armor: Scale mail        |    41 |    47 ||    88
Dodge: Dodged            |    26 |    22 ||    48
Block: Buckler           |    23 |    14 ||    37

Table legend: (Time is in decaauts)
 A = Elapsed time spent in this place.
 B = Non-inter-level travel time spent in this place.
 C = Inter-level travel time spent in this place.
 D = Time resting spent in this place.
 E = Time spent auto-exploring this place.
 F = Levels seen in this place.
 G = Mean time per level.
                   A        B        C        D        E       F      G
               +--------+--------+--------+--------+--------+-----+--------+
         Total |   3156 |   3089 |     67 |    224 |   2250 |   6 |  526.0 |
       Dungeon |   3156 |   3089 |     67 |    224 |   2250 |   6 |  526.0 |
               +--------+--------+--------+--------+--------+-----+--------+

Top non-repeatable levels by time:
     D:3: 1651 daAuts
     D:2: 714 daAuts
     D:1: 661 daAuts
     D:6: 73 daAuts
     D:4: 46 daAuts
     D:5: 9 daAuts
